 Dungeon Crawl Stone Soup version 0.30.1-9-gdf580d7c3d (webtiles) character file.

Game seed: 5278909083141474226

77 Ivernyr the Twirler (level 4, -1/35 HPs)
             Began as a Formicid Fighter on Oct 5, 2023.
             Killed by nerve-wracking pain
             ... invoked by an orc priest
              (5 damage)
             ... on level 3 of the Dungeon.
             The game lasted 00:03:05 (1321 turns).

Ivernyr the Twirler (Formicid Fighter)              Turns: 1321, Time: 00:03:06

Health: -1/35      AC:  9    Str: 23    XL:     4   Next: 58%
Magic:  4/4        EV:  9    Int:  7    God:
Gold:   60         SH:  5    Dex: 13    Spells: 3/3 levels left

rFire   . . .        a - +0 quarterstaff
rCold   . . .        c - +0 buckler
rNeg    . . .        b - +0 scale mail
rPois   .            (helmet unavailable)
rElec   .            (no cloak)
rCorr   .            e - +0 pair of gloves
SInv    +            k - +0 pair of boots
Will    .....        (no amulet) Stlth
                     (no ring)
HPRegen 0.25/turn    (no ring)
MPRegen 0.09/turn

%: no passive effects
@: no status effects
A: permanent stasis, dig shafts and tunnels, antennae 3, four strong arms
a: Dig, Shaft Self


You were on level 3 of the Dungeon.
You visited 1 branch of the dungeon, and saw 3 of its levels.

You collected 60 gold pieces.

Inventory:

Hand Weapons
 a - a +0 quarterstaff (weapon)
Armour
 b - a +0 scale mail (worn)
 c - a +0 buckler (worn)
 e - a +0 pair of gloves (worn)
 k - a +0 pair of boots (worn)
Scrolls
 f - a scroll of teleportation {unknown}
 g - 3 scrolls of identify {unknown}
 i - 2 scrolls of poison {unknown}
Potions
 d - a potion of might
 h - 2 potions of magic {unknown}
 j - a potion of attraction {unknown}


   Skills:
 - Level 3.2 Fighting
 + Level 4.4 Staves
 - Level 3.2 Armour
 - Level 4.0 Shields


You had 3 spell levels left.
You didn't know any spells.
Your spell library contained the following spells:

 Spells                   Type           Power      Damage    Failure   Level
 Sandblast                Erth           0%         2d4       80%         1
 Passwall                 Tmut/Erth      0%         N/A       91%         2
 Stone Arrow              Conj/Erth      0%         3d7       99%         3


Dungeon Overview and Level Annotations

Branches:
Dungeon (3/15)

Altars:

Shops:
D:1 (   D:2 *


Innate Abilities, Weirdness & Mutations

You cannot be hasted, slowed, berserked, paralysed or teleported.
You can dig through walls and to a lower floor.
You have a pair of large antennae on your head. (SInv)
Your four strong arms can wield two-handed weapons with a shield.


Message History

The orc hits you but does no damage. The orc hits you with a +0 flail!
You block the orc priest's attack.
You hit the orc priest.
The orc priest is severely wounded.
The orc hits you with a +0 hand axe. The orc hits you but does no damage.
The orc priest closely misses you.
You barely miss the orc priest.
The orc priest is severely wounded.
The orc priest hits you with a +0 hand axe.
The orc closely misses you. The orc hits you with a +0 hand axe.
You barely miss the orc priest.
The orc priest is severely wounded.
The orc priest hits you with a +0 hand axe.
The orc hits you but does no damage. x2
You closely miss the orc priest.
The orc priest is severely wounded.
The orc priest hits you but does no damage.
The orc hits you with a +0 flail. The orc hits you with a +0 hand axe.
You closely miss the orc priest.
The orc priest is severely wounded.
The orc priest closely misses you. You block the orc's attack.
The orc hits you with a +0 flail.
You hit the orc priest but do no damage.
The orc priest is severely wounded.
The orc priest hits you but does no damage.
The orc hits you but does no damage. The orc hits you with a +0 flail.
You hit the orc priest but do no damage.
The orc priest is severely wounded.
The orc priest hits you but does no damage.
The orc barely misses you. x2
You hit the orc priest.
The orc priest is severely wounded.
The orc priest invokes the aid of Beogh against you.
Pain shoots through your body!
* * * LOW HITPOINT WARNING * * *
You block the orc's attack. The orc closely misses you.
Are you sure you want to shaft yourself?
The orc priest invokes the aid of Beogh against you.
Pain shoots through your body!
You die...

## #. ###.# ....###
.....>## # #
#S#.#..#
....##o#o##.####
.......@o.....<####
#..##...#)......)..
.. ###...........#
#.#####..?...#.##
#....##......# .##
#..†......# ).##
####......##...###
#......†.#....#.
#######...##....


You could see an orc priest, an adder and 2 orcs.

Vanquished Creatures
  3 adders
  2 worms (D:3)
  A dart slug (D:3)
  An orc (D:3)
  4 bats
  2 endoplasms (D:2)
  A giant cockroach (D:2)
  6 goblins
  3 hobgoblins
  4 jackals
  A kobold (D:2)
  3 quokkas
  2 ball pythons
  A frilled lizard (D:2)
  3 rats
37 creatures vanquished.

Notes
Turn   | Place    | Note
-------+----------+-------------------------------------------
     0 | D:1      | Ivernyr the Formicid Fighter began the quest for the Orb.
     0 | D:1      | Reached XP level 1. HP: 18/18 MP: 1/1
   145 | D:1      | Found Ganesey's Antique Weapon Emporium.
   417 | D:1      | Reached XP level 2. HP: 24/24 MP: 2/2
   543 | D:2      | Identified the +0 whip of Wu Jian {flame, rC+ rCorr Str+2}
   715 | D:2      | Reached XP level 3. HP: 20/29 MP: 3/3
   947 | D:2      | Found Ytolax's General Store.
  1158 | D:2      | Reached XP level 4. HP: 35/35 MP: 4/4
  1321 | D:3      | Killed from afar by an orc priest

Illustrated notes

Levels and vault maps discovered:
D:1:      psy_arrival_heroes, layout_loops_ring, serial_shops, shop,
          amcnicky_mini_corridor_feature
D:2:      minmay_angry_zag, layout_loops_cross, serial_shops, shop
D:3:      layout_rooms, minmay_misc_feat_iff

Skill      XL: |  1  2  3 |
---------------+----------+-----
Staves         | 3 4 |  4.4
Fighting       | |  3.2
Armour         | |  3.2
Shields        | |  4.0

Action                     |  1- 3 |  4- 6 || total
---------------------------+-------+-------++-------
  Melee: Quarterstaff      |    87 |    45 ||   132
Ability: Shaft Self        |       |     1 ||     1
 Armour: Scale mail        |    38 |    20 ||    58
  Dodge: Dodged            |    46 |    23 ||    69
  Block: Buckler           |    33 |    16 ||    49
